Panthers vs Bruins
(R2)
Created - February 8, 2019 at 19:02
Goals
|
| Panthers |
2 |
0 |
2 |
4 |
| Bruins |
1 |
1 |
0 |
2 |
|
Shots
|
| Panthers |
11 |
16 |
11 |
38 |
| Bruins |
4 |
17 |
7 |
28 |
|
1st period
1. Bruins , Viktor Stalberg 6 (Dave Bolland 7) at 15:20
2. Panthers , Tomas Kopecky 16 (Brayden Schenn 30, Matthew Spiller 16) at 15:34
3. Panthers , Erik Christensen 8 (Drew Stafford 10, Brayden Schenn 31) at 18:31
Penalties :
Kevin Bieksa (Bos) for Boarding (Minor) at 5:12, Victor Oreskovich (Bos) for Hooking (Minor) at 9:41, Brayden Schenn (Flo) for Interference (Minor) at 15:43
2nd period
4. Bruins , Wojtek Wolski 28 (Nathan Horton 15, Henrik Sedin 40) at 7:28 (PP)
Penalties :
Brayden Schenn (Flo) for Tripping (Minor) at 0:37, Daniel Sedin (Flo) for Interference (Minor) at 5:51, Kyle Clifford (Flo) for High sticking (Minor) at 11:23
3rd period
5. Panthers , Drew Stafford 13 (Alex Galchenyuk 12, Jonathan Sigalet 13) at 7:31
6. Panthers , Drew Stafford 14 (Erik Christensen 15) at 8:11
Penalties :
Rene Bourque (Bos) for Interference (Minor) at 1:33, Shane O'Brien (Bos) for Interference (Minor) at 17:37
Goalie Stats
Antti Niemi (Flo), 26 saves from 28 shots - (0.929), W, 11-14-7, 60:00 minutes
Craig Anderson (Bos), 34 saves from 38 shots - (0.895), L, 4-2-0, 60:00 minutes
Players Stats for Panthers
Player Name G A P +/- PIM S H SB GA TA FO MP PP MP PK MP
------------------------------------------------------------------------------------
Alex Galchenyuk 0 1 1 2 0 2 1 0 0 0 0/0 16:46 4:00 1:09
Brayden Schenn 0 2 2 2 4 5 2 1 1 0 13/25 19:40 3:56 0:00
Daniel Sedin 0 0 0 -1 2 1 0 0 1 0 0/0 9:28 0:00 0:00
Drew Stafford 2 1 3 3 0 6 2 1 0 0 1/1 20:40 4:00 4:16
Eric Wellwood 0 0 0 0 0 1 1 0 0 0 0/0 7:43 0:03 0:00
Erik Christensen 1 1 2 3 0 5 0 1 0 0 16/23 20:47 4:00 4:25
Erik Gudbranson 0 0 0 2 0 2 2 1 0 1 0/0 27:58 3:43 4:18
Jean-Gabriel Pageau 0 0 0 -1 0 1 2 0 0 0 0/2 11:47 0:00 2:16
Jonathan Matsumoto 0 0 0 0 0 3 0 0 0 0 2/2 7:40 0:00 0:00
Jonathan Sigalet 0 1 1 2 0 2 3 0 1 0 0/0 22:00 4:13 3:16
Kyle Clifford 0 0 0 1 2 3 1 0 2 0 0/2 20:27 3:53 1:40
Matthew Spiller 0 1 1 2 0 0 0 2 0 0 0/0 27:58 3:43 4:18
Mike Komisarek 0 0 0 2 0 0 1 2 0 1 0/0 22:00 4:13 3:16
Mike Weber 0 0 0 -1 0 1 0 0 0 0 0/0 10:02 0:00 0:00
Patrick Eaves 0 0 0 0 0 2 0 0 0 0 1/1 7:40 0:00 0:00
Radko Gudas 0 0 0 -1 0 0 1 1 0 1 0/0 10:02 0:00 0:00
Steve Quailer 0 0 0 -1 0 2 2 0 0 0 0/0 10:58 0:00 1:22
Tomas Kopecky 1 0 1 1 0 2 2 0 0 0 1/2 18:46 3:56 0:00
Players Stats for Bruins
Player Name G A P +/- PIM S H SB GA TA FO MP PP MP PK MP
------------------------------------------------------------------------------------
Casey Cizikas 0 0 0 0 0 1 0 0 0 1 1/2 7:16 0:00 0:27
Dave Bolland 0 1 1 0 0 0 0 0 0 0 2/7 14:49 0:00 2:34
Henrik Sedin 0 1 1 -1 0 2 4 0 0 0 13/29 17:26 3:38 0:00
Jason Demers 0 0 0 -4 0 2 1 0 0 0 0/0 26:58 3:04 5:11
Justin Faulk 0 0 0 0 0 2 0 1 0 3 0/0 14:38 3:04 0:00
Kevin Bieksa 0 0 0 0 2 0 3 0 0 0 0/0 21:17 4:30 2:05
Kris Chucko 0 0 0 0 0 0 1 0 0 0 0/0 7:43 0:00 0:54
Matt Cooke 0 0 0 -2 0 0 2 1 0 0 0/0 19:46 3:56 4:12
Nathan Horton 0 1 1 -1 0 0 3 0 0 0 0/1 20:51 3:38 2:34
Nikolai Zherdev 0 0 0 0 0 0 1 0 0 0 0/0 6:49 0:00 0:00
Rene Bourque 0 0 0 0 2 2 2 1 0 0 0/0 12:29 0:00 0:53
Shane O'Brien 0 0 0 -3 2 1 1 3 0 0 0/0 21:35 0:00 3:46
Stefan Elliott 0 0 0 1 0 0 0 0 1 1 0/0 12:34 0:00 1:30
Tim Connolly 0 0 0 -2 0 2 1 0 0 0 4/13 15:21 3:56 0:00
Torey Krug 0 0 0 0 0 1 1 2 0 0 0/0 23:13 4:30 3:20
Victor Oreskovich 0 0 0 -2 2 3 2 0 0 0 0/0 15:42 3:56 0:00
Viktor Stalberg 1 0 1 0 0 4 1 1 0 0 0/0 11:21 0:00 0:00
Wojtek Wolski 1 0 1 -1 0 8 3 1 2 0 4/6 22:12 3:38 4:18
3 Stars
1 - Drew Stafford (Flo)
2 - Erik Christensen (Flo)
3 - Tomas Kopecky (Flo)
Power Play
Panthers - 0 on 4 Attempt(s) - 0.00%
Bruins - 1 on 4 Attempt(s) - 25.00%
Penalty Kill
Panthers - 3 on 4 Attempt(s) - 75.00%
- Score 0 goal in Penalty Kill
Bruins - 4 on 4 Attempt(s) - 100.00%
- Score 0 goal in Penalty Kill
Team Stat
Panthers - Hits : 20 - Faceoff Wins : 34 - Blocked Shots : 9 - Penalty Minutes : 8
Bruins - Hits : 26 - Faceoff Wins : 24 - Blocked Shots : 10 - Penalty Minutes : 8
Official
Referees : Unknown
Linesman : Unknown
Game Notes
No Game Note
Finance
Level 1 -- Attendance: 4087 (68.12%) -- Ticket Income $425,048
Level 2 -- Attendance: 3670 (73.40%) -- Ticket Income $234,880
Level 3 -- Attendance: 1763 (88.15%) -- Ticket Income $59,942
Level 4 -- Attendance: 4000 (100.00%) -- Ticket Income $96,000
Luxury Box -- Attendance: 655 (65.50%) -- Ticket Income $127,070
Game was played at the TD Banknorth Garden.
Total Attendance: 14175 (78.75%)
Total Ticket Income: $942,940
Other Income: $141,441
Total Income: $1,084,381
Panthers
5 vs 5 Forward
Center Left Wing Right Wing Time % Phy DF OF
1 Brayden Schenn Kyle Clifford Tomas Kopecky 40 1 2 2
2 Erik Christensen Alex Galchenyuk Drew Stafford 30 1 2 2
3 Jean-Gabriel Pageau Daniel Sedin Steve Quailer 20 1 2 2
4 Jonathan Matsumoto Eric Wellwood Patrick Eaves 10 1 2 2
5 vs 5 Defense
Defense Defense Time % Phy DF OF
1 Erik Gudbranson Matthew Spiller 40 1 2 2
2 Jonathan Sigalet Mike Komisarek 30 1 2 2
3 Mike Weber Radko Gudas 20 1 2 2
4 Erik Gudbranson Matthew Spiller 10 1 2 2
PowerPlay Forward
Center Left Wing Right Wing Time % Phy DF OF
1 Brayden Schenn Kyle Clifford Tomas Kopecky 60 1 2 2
2 Erik Christensen Alex Galchenyuk Drew Stafford 40 1 2 2
PowerPlay Defense
Defense Defense Time % Phy DF OF
1 Erik Gudbranson Matthew Spiller 60 1 2 2
2 Jonathan Sigalet Mike Komisarek 40 1 2 2
Penalty Kill 4 Players Forward
Center Wing Time % Phy DF OF
1 Erik Christensen Drew Stafford 60 1 2 2
2 Jean-Gabriel Pageau Kyle Clifford 40 1 2 2
Penalty Kill 4 Players Defense
Defense Defense Time % Phy DF OF
1 Erik Gudbranson Matthew Spiller 60 1 2 2
2 Jonathan Sigalet Mike Komisarek 40 1 2 2
Penalty Kill - 3 Players Forward
Forward Time % Phy DF OF
1 Erik Christensen 60 1 2 2
2 Drew Stafford 40 1 2 2
Penalty Kill - 3 Players Defense
Defense Defense Time % Phy DF OF
1 Erik Gudbranson Matthew Spiller 60 1 2 2
2 Jonathan Sigalet Mike Komisarek 40 1 2 2
4 vs 4 Forward
Center Wing Time % Phy DF OF
1 Brayden Schenn Kyle Clifford 60 1 2 2
2 Erik Christensen Alex Galchenyuk 40 1 2 2
4 vs 4 Defense
Defense Defense Time % Phy DF OF
1 Erik Gudbranson Matthew Spiller 60 1 2 2
2 Jonathan Sigalet Mike Komisarek 40 1 2 2
Last Minutes Offensive
Center Left Wing Right Wing Defense Defense
Brayden Schenn Kyle Clifford Drew Stafford Erik Gudbranson Jonathan Sigalet
Last Minutes Defensive
Center Left Wing Right Wing Defense Defense
Brayden Schenn Kyle Clifford Drew Stafford Erik Gudbranson Jonathan Sigalet
Goaltenders
Starting : Antti Niemi
Backup : Petr Mrazek
Extra Forwards
Normal : Alex Galchenyuk, Brayden Schenn, Jean-Gabriel Pageau - PP : Alex Galchenyuk, Kyle Clifford - PK : Steve Quailer
Extra Defensemen
Normal : Mike Komisarek, Erik Gudbranson, Jonathan Sigalet - PP : Mike Weber - PK : Jonathan Sigalet, Erik Gudbranson
Penalty Shots
Alex Galchenyuk, Daniel Sedin, Drew Stafford, Erik Christensen, Kyle Clifford
Scratches
Alexander Perezhogin (Healthy), Nigel Dawes (Healthy), William Colbert (Healthy)
Bruins
5 vs 5 Forward
Center Left Wing Right Wing Time % Phy DF OF
1 Henrik Sedin Wojtek Wolski Nathan Horton 40 0 2 3
2 Tim Connolly Matt Cooke Victor Oreskovich 30 0 2 3
3 Dave Bolland Viktor Stalberg Rene Bourque 20 1 2 2
4 Casey Cizikas Kris Chucko Nikolai Zherdev 10 1 2 2
5 vs 5 Defense
Defense Defense Time % Phy DF OF
1 Jason Demers Shane O'Brien 40 0 2 3
2 Torey Krug Kevin Bieksa 30 0 2 3
3 Justin Faulk Stefan Elliott 20 1 2 2
4 Jason Demers Shane O'Brien 10 1 2 2
PowerPlay Forward
Center Left Wing Right Wing Time % Phy DF OF
1 Henrik Sedin Wojtek Wolski Nathan Horton 60 0 1 4
2 Tim Connolly Matt Cooke Victor Oreskovich 40 0 1 4
PowerPlay Defense
Defense Defense Time % Phy DF OF
1 Torey Krug Kevin Bieksa 60 0 2 3
2 Jason Demers Justin Faulk 40 0 2 3
Penalty Kill 4 Players Forward
Center Wing Time % Phy DF OF
1 Wojtek Wolski Matt Cooke 60 0 3 2
2 Dave Bolland Nathan Horton 40 0 4 1
Penalty Kill 4 Players Defense
Defense Defense Time % Phy DF OF
1 Jason Demers Shane O'Brien 60 0 3 2
2 Torey Krug Kevin Bieksa 40 0 3 2
Penalty Kill - 3 Players Forward
Forward Time % Phy DF OF
1 Wojtek Wolski 60 0 4 1
2 Nathan Horton 40 0 4 1
Penalty Kill - 3 Players Defense
Defense Defense Time % Phy DF OF
1 Jason Demers Shane O'Brien 60 0 4 1
2 Torey Krug Kevin Bieksa 40 0 4 1
4 vs 4 Forward
Center Wing Time % Phy DF OF
1 Wojtek Wolski Henrik Sedin 60 0 2 3
2 Tim Connolly Nathan Horton 40 0 2 3
4 vs 4 Defense
Defense Defense Time % Phy DF OF
1 Jason Demers Shane O'Brien 60 1 2 2
2 Torey Krug Kevin Bieksa 40 1 2 2
Last Minutes Offensive
Center Left Wing Right Wing Defense Defense
Henrik Sedin Wojtek Wolski Nathan Horton Torey Krug Kevin Bieksa
Last Minutes Defensive
Center Left Wing Right Wing Defense Defense
Henrik Sedin Wojtek Wolski Nathan Horton Jason Demers Shane O'Brien
Goaltenders
Starting : Craig Anderson
Backup : Kevin Poulin
Extra Forwards
Normal : Dave Bolland, Viktor Stalberg, Rene Bourque - PP : Dave Bolland, Viktor Stalberg - PK : Rene Bourque
Extra Defensemen
Normal : Justin Faulk, Stefan Elliott, Torey Krug - PP : Justin Faulk - PK : Stefan Elliott, Torey Krug
Penalty Shots
Wojtek Wolski, Henrik Sedin, Tim Connolly, Nathan Horton, Victor Oreskovich
Scratches
Andrew Alberts (Back Injury)
% Time on Ice - Panthers
Lines # - Real PCT - Wanted PCT - Time Play
Normal Forward
1 - 36% - 40% - 15:53
2 - 26% - 30% - 11:28
3 - 21% - 20% - 9:29
4 - 17% - 10% - 7:40
Normal Defense
1 - 42% - 40% - 18:53
2 - 33% - 30% - 14:31
3 - 23% - 20% - 10:02
4 - 2% - 10% - 1:04
PP Forward
1 - 50% - 60% - 3:56
2 - 50% - 40% - 4:00
PP Defense
1 - 47% - 60% - 3:43
2 - 53% - 40% - 4:13
PK Forward
1 - 70% - 60% - 5:18
2 - 30% - 40% - 2:16
PK Defense
1 - 57% - 60% - 4:18
2 - 43% - 40% - 3:16
PK3 Forward
1 - 0% - 60%
2 - 0% - 40%
PK3 Defense
1 - 0% - 60%
2 - 0% - 40%
44 Forward
1 - 0% - 60%
2 - 0% - 40%
44 Defense
1 - 0% - 60%
2 - 0% - 40%
Last Minute Offensive - 0:00
Last Minute Defensive - 0:00
Total
Forward - 60:00
Defense - 60:00
|
% Time on Ice - Bruins
Lines # - Real PCT - Wanted PCT - Time Play
Normal Forward
1 - 33% - 40% - 14:33
2 - 27% - 30% - 12:04
3 - 25% - 20% - 11:04
4 - 15% - 10% - 6:49
Normal Defense
1 - 39% - 40% - 17:31
2 - 36% - 30% - 15:48
3 - 24% - 20% - 10:44
4 - 1% - 10% - 0:27
PP Forward
1 - 48% - 60% - 3:38
2 - 52% - 40% - 3:56
PP Defense
1 - 59% - 60% - 4:30
2 - 41% - 40% - 3:04
PK Forward
1 - 68% - 60% - 5:22
2 - 32% - 40% - 2:34
PK Defense
1 - 70% - 60% - 5:34
2 - 30% - 40% - 2:22
PK3 Forward
1 - 0% - 60%
2 - 0% - 40%
PK3 Defense
1 - 0% - 60%
2 - 0% - 40%
44 Forward
1 - 0% - 60%
2 - 0% - 40%
44 Defense
1 - 0% - 60%
2 - 0% - 40%
Last Minute Offensive - 0:00
Last Minute Defensive - 0:00
Total
Forward - 60:00
Defense - 60:00
|
Play-by-Play
1st period
0:01 of 1st period - Brayden Schenn wins face-off versus Henrik Sedin in neutral zone.
0:23 of 1st period - Icing by Shane O'Brien.
0:24 of 1st period - Erik Christensen wins face-off versus Henrik Sedin in Bruins zone.
1:32 of 1st period - Viktor Stalberg is hit by Brayden Schenn and loses puck.
2:01 of 1st period - Daniel Sedin is hit by Kris Chucko and loses puck.
2:11 of 1st period - Off-side.
2:12 of 1st period - Erik Christensen wins face-off versus Tim Connolly in neutral zone.
2:27 of 1st period - Snap shot by Drew Stafford.
2:27 of 1st period - Stopped by Craig Anderson without a rebound.
2:28 of 1st period - Dave Bolland wins face-off versus Brayden Schenn in Bruins zone.
2:47 of 1st period - Erik Gudbranson is hit by Kevin Bieksa and loses puck.
3:04 of 1st period - Snap shot by Erik Christensen.
3:04 of 1st period - Shot Blocked by Matt Cooke.
3:06 of 1st period - Snap shot by Erik Christensen.
3:06 of 1st period - Shot Misses the Net.
3:08 of 1st period - Snap shot by Erik Gudbranson.
3:08 of 1st period - Stopped by Craig Anderson without a rebound.
3:09 of 1st period - Jonathan Matsumoto wins face-off versus Henrik Sedin in Bruins zone.
3:22 of 1st period - Snap shot by Jonathan Matsumoto.
3:22 of 1st period - Stopped by Craig Anderson with a rebound.
3:24 of 1st period - Slapshot by Mike Komisarek.
3:24 of 1st period - Shot Blocked by Justin Faulk.
3:55 of 1st period - Slapshot by Tim Connolly.
3:55 of 1st period - Shot Misses the Net.
4:01 of 1st period - Justin Faulk is hit by Radko Gudas and loses puck.
4:16 of 1st period - Slapshot by Viktor Stalberg.
4:16 of 1st period - Stopped by Antti Niemi with a rebound.
4:36 of 1st period - Slapshot by Brayden Schenn.
4:36 of 1st period - Stopped by Craig Anderson with a rebound.
4:53 of 1st period - Off-side.
4:54 of 1st period - Patrick Eaves wins face-off versus Tim Connolly in neutral zone.
5:05 of 1st period - Wrist shot by Jonathan Matsumoto.
5:05 of 1st period - Stopped by Craig Anderson without a rebound.
5:06 of 1st period - Brayden Schenn wins face-off versus Henrik Sedin in Bruins zone.
5:06 of 1st period - Erik Gudbranson is hit by Wojtek Wolski and loses puck.
5:12 of 1st period - Minor Penalty to Kevin Bieksa for Boarding.
5:13 of 1st period - Brayden Schenn wins face-off versus Wojtek Wolski in Bruins zone.
7:12 of 1st period - Penalty to Kevin Bieksa is over, Kevin Bieksa is back on ice.
9:23 of 1st period - Off-side.
9:24 of 1st period - Tim Connolly wins face-off versus Jean-Gabriel Pageau in neutral zone.
9:31 of 1st period - Snap shot by Jean-Gabriel Pageau.
9:31 of 1st period - Stopped by Craig Anderson with a rebound.
9:33 of 1st period - Slapshot by Jonathan Sigalet.
9:33 of 1st period - Stopped by Craig Anderson with a rebound.
9:41 of 1st period - Minor Penalty to Victor Oreskovich for Hooking.
9:42 of 1st period - Wojtek Wolski wins face-off versus Brayden Schenn in Bruins zone.
9:56 of 1st period - Snap shot by Matt Cooke.
9:56 of 1st period - Shot Misses the Net.
10:08 of 1st period - Shane O'Brien is hit by Erik Gudbranson and loses puck.
10:15 of 1st period - Snap shot by Erik Christensen.
10:15 of 1st period - Stopped by Craig Anderson with a rebound.
10:43 of 1st period - Brayden Schenn is hit by Torey Krug and loses puck.
11:41 of 1st period - Penalty to Victor Oreskovich is over, Victor Oreskovich is back on ice.
12:07 of 1st period - Slapshot by Jason Demers.
12:07 of 1st period - Shot Blocked by Radko Gudas.
12:09 of 1st period - Slapshot by Jason Demers.
12:09 of 1st period - Deflect By Casey Cizikas.
12:09 of 1st period - Stopped by Antti Niemi with a rebound.
13:03 of 1st period - Matthew Spiller is hit by Kevin Bieksa and loses puck.
14:33 of 1st period - Tomas Kopecky is hit by Victor Oreskovich and loses puck.
14:46 of 1st period - Slapshot by Wojtek Wolski.
14:46 of 1st period - Stopped by Antti Niemi without a rebound.
14:47 of 1st period - Erik Christensen wins face-off versus Henrik Sedin in Panthers zone.
14:47 of 1st period - Erik Christensen is hit by Shane O'Brien.
14:59 of 1st period - Drew Stafford is hit by Henrik Sedin and loses puck.
15:15 of 1st period - Mike Weber is hit by Kevin Bieksa and loses puck.
15:20 of 1st period - Snap shot by Viktor Stalberg.
15:20 of 1st period - Goal by Viktor Stalberg - Panthers : 0 - Bruins : 1.
15:21 of 1st period - Brayden Schenn wins face-off versus Henrik Sedin in neutral zone.
15:28 of 1st period - Slapshot by Matthew Spiller.
15:28 of 1st period - Shot Blocked by Shane O'Brien.
15:30 of 1st period - Snap shot by Tomas Kopecky.
15:30 of 1st period - Shot Misses the Net.
15:32 of 1st period - Wrist shot by Brayden Schenn.
15:32 of 1st period - Stopped by Craig Anderson with a rebound.
15:34 of 1st period - Snap shot by Tomas Kopecky.
15:34 of 1st period - Goal by Tomas Kopecky - Panthers : 1 - Bruins : 1.
15:35 of 1st period - Henrik Sedin wins face-off versus Kyle Clifford in neutral zone.
15:43 of 1st period - Minor Penalty to Brayden Schenn for Interference.
15:44 of 1st period - Erik Christensen wins face-off versus Henrik Sedin in Panthers zone.
17:01 of 1st period - Erik Gudbranson is hit by Wojtek Wolski.
17:05 of 1st period - Kevin Bieksa is hit by Alex Galchenyuk and loses puck.
17:43 of 1st period - Penalty to Brayden Schenn is over, Brayden Schenn is back on ice.
17:55 of 1st period - Brayden Schenn is hit by Jason Demers and loses puck.
18:23 of 1st period - Slapshot by Erik Gudbranson.
18:23 of 1st period - Shot Misses the Net.
18:25 of 1st period - Snap shot by Drew Stafford.
18:25 of 1st period - Shot Misses the Net.
18:27 of 1st period - Slapshot by Brayden Schenn.
18:27 of 1st period - Shot Blocked by Viktor Stalberg.
18:29 of 1st period - Snap shot by Drew Stafford.
18:29 of 1st period - Shot Misses the Net.
18:31 of 1st period - Wrist shot by Erik Christensen.
18:31 of 1st period - Goal by Erik Christensen - Panthers : 2 - Bruins : 1.
18:32 of 1st period - Henrik Sedin wins face-off versus Jean-Gabriel Pageau in neutral zone.
18:35 of 1st period - Wrist shot by Henrik Sedin.
18:35 of 1st period - Shot Misses the Net.
18:48 of 1st period - Snap shot by Henrik Sedin.
18:48 of 1st period - Shot Misses the Net.
18:54 of 1st period - Henrik Sedin is hit by Jean-Gabriel Pageau and loses puck.
19:45 of 1st period - Off-side.
19:46 of 1st period - Brayden Schenn wins face-off versus Casey Cizikas in neutral zone.
19:48 of 1st period - Off-side.
19:49 of 1st period - Casey Cizikas wins face-off versus Brayden Schenn in neutral zone.
19:58 of 1st period - Snap shot by Nikolai Zherdev.
19:58 of 1st period - Shot Misses the Net.
Goals for this period are 2 for Panthers vs 1 for Bruins.
Shots for this period are 11 for Panthers vs 4 for Bruins.
2nd period
0:01 of 2nd period - Erik Christensen wins face-off versus Nathan Horton in neutral zone.
0:12 of 2nd period - Wrist shot by Wojtek Wolski.
0:12 of 2nd period - Deflect By Henrik Sedin.
0:12 of 2nd period - Stopped by Antti Niemi with a rebound.
0:14 of 2nd period - Snap shot by Wojtek Wolski.
0:14 of 2nd period - Stopped by Antti Niemi with a rebound.
0:16 of 2nd period - Slapshot by Henrik Sedin.
0:16 of 2nd period - Deflect By Nathan Horton.
0:16 of 2nd period - Shot Hit the Post.
0:16 of 2nd period - Puck is out of play.
0:17 of 2nd period - Brayden Schenn wins face-off versus Tim Connolly in Panthers zone.
0:21 of 2nd period - Off-side.
0:22 of 2nd period - Tim Connolly wins face-off versus Brayden Schenn in neutral zone.
0:37 of 2nd period - Minor Penalty to Brayden Schenn for Tripping.
0:38 of 2nd period - Erik Christensen wins face-off versus Henrik Sedin in Panthers zone.
1:50 of 2nd period - Nathan Horton is hit by Drew Stafford and loses puck.
2:01 of 2nd period - Mike Komisarek is hit by Wojtek Wolski and loses puck.
2:37 of 2nd period - Penalty to Brayden Schenn is over, Brayden Schenn is back on ice.
3:13 of 2nd period - Stefan Elliott is hit by Tomas Kopecky and loses puck.
3:43 of 2nd period - Kevin Bieksa is hit by Drew Stafford.
4:09 of 2nd period - Wrist shot by Steve Quailer.
4:09 of 2nd period - Shot Misses the Net.
4:11 of 2nd period - Wrist shot by Jean-Gabriel Pageau.
4:11 of 2nd period - Shot Misses the Net.
4:13 of 2nd period - Wrist shot by Jean-Gabriel Pageau.
4:13 of 2nd period - Shot Misses the Net.
4:22 of 2nd period - Off-side.
4:23 of 2nd period - Dave Bolland wins face-off versus Brayden Schenn in neutral zone.
4:42 of 2nd period - Dave Bolland is hit by Jonathan Sigalet and loses puck.
5:11 of 2nd period - Snap shot by Dave Bolland.
5:11 of 2nd period - Shot Blocked by Brayden Schenn.
5:13 of 2nd period - Slapshot by Torey Krug.
5:13 of 2nd period - Stopped by Antti Niemi with a rebound.
5:15 of 2nd period - Slapshot by Torey Krug.
5:15 of 2nd period - Shot Blocked by Mike Komisarek.
5:19 of 2nd period - Snap shot by Dave Bolland.
5:19 of 2nd period - Shot Blocked by Mike Komisarek.
5:21 of 2nd period - Snap shot by Kevin Bieksa.
5:21 of 2nd period - Shot Misses the Net.
5:23 of 2nd period - Slapshot by Torey Krug.
5:23 of 2nd period - Deflect By Dave Bolland.
5:23 of 2nd period - Shot Misses the Net.
5:23 of 2nd period - Puck is out of play.
5:24 of 2nd period - Henrik Sedin wins face-off versus Erik Christensen in Panthers zone.
5:33 of 2nd period - Slapshot by Henrik Sedin.
5:33 of 2nd period - Shot Misses the Net.
5:39 of 2nd period - Snap shot by Henrik Sedin.
5:39 of 2nd period - Stopped by Antti Niemi with a rebound.
5:49 of 2nd period - Matt Cooke is hit by Steve Quailer and loses puck.
5:51 of 2nd period - Minor Penalty to Daniel Sedin for Interference.
5:52 of 2nd period - Erik Christensen wins face-off versus Henrik Sedin in Panthers zone.
5:52 of 2nd period - Erik Christensen is hit by Nathan Horton.
7:14 of 2nd period - Snap shot by Tim Connolly.
7:14 of 2nd period - Stopped by Antti Niemi without a rebound.
7:15 of 2nd period - Henrik Sedin wins face-off versus Erik Christensen in Panthers zone.
7:16 of 2nd period - Wrist shot by Wojtek Wolski.
7:16 of 2nd period - Shot Blocked by Drew Stafford.
7:18 of 2nd period - Snap shot by Henrik Sedin.
7:18 of 2nd period - Shot Misses the Net.
7:20 of 2nd period - Wrist shot by Nathan Horton.
7:20 of 2nd period - Shot Misses the Net.
7:22 of 2nd period - Snap shot by Wojtek Wolski.
7:22 of 2nd period - Stopped by Antti Niemi with a rebound.
7:24 of 2nd period - Slapshot by Wojtek Wolski.
7:24 of 2nd period - Stopped by Antti Niemi with a rebound.
7:26 of 2nd period - Snap shot by Wojtek Wolski.
7:26 of 2nd period - Stopped by Antti Niemi with a rebound.
7:28 of 2nd period - Snap shot by Wojtek Wolski.
7:28 of 2nd period - Goal by Wojtek Wolski - Panthers : 2 - Bruins : 2.
7:29 of 2nd period - Henrik Sedin wins face-off versus Brayden Schenn in neutral zone.
7:56 of 2nd period - Viktor Stalberg is hit by Erik Gudbranson and loses puck.
8:09 of 2nd period - Snap shot by Daniel Sedin.
8:09 of 2nd period - Stopped by Craig Anderson with a rebound.
8:19 of 2nd period - Snap shot by Jason Demers.
8:19 of 2nd period - Shot Misses the Net.
8:21 of 2nd period - Wrist shot by Jason Demers.
8:21 of 2nd period - Stopped by Antti Niemi without a rebound.
8:22 of 2nd period - Erik Christensen wins face-off versus Tim Connolly in Panthers zone.
8:31 of 2nd period - Slapshot by Erik Christensen.
8:31 of 2nd period - Stopped by Craig Anderson without a rebound.
8:32 of 2nd period - Henrik Sedin wins face-off versus Erik Christensen in Bruins zone.
9:31 of 2nd period - Slapshot by Patrick Eaves.
9:31 of 2nd period - Shot Misses the Net.
9:33 of 2nd period - Slapshot by Jonathan Sigalet.
9:33 of 2nd period - Stopped by Craig Anderson with a rebound.
9:53 of 2nd period - Snap shot by Henrik Sedin.
9:53 of 2nd period - Shot Misses the Net.
10:09 of 2nd period - Kevin Bieksa is hit by Jonathan Sigalet and loses puck.
10:24 of 2nd period - Mike Komisarek is hit by Matt Cooke and loses puck.
10:31 of 2nd period - Snap shot by Victor Oreskovich.
10:31 of 2nd period - Stopped by Antti Niemi without a rebound.
10:32 of 2nd period - Brayden Schenn wins face-off versus Henrik Sedin in Panthers zone.
10:39 of 2nd period - Wrist shot by Wojtek Wolski.
10:39 of 2nd period - Shot Misses the Net.
10:41 of 2nd period - Snap shot by Henrik Sedin.
10:41 of 2nd period - Shot Blocked by Matthew Spiller.
10:43 of 2nd period - Wrist shot by Wojtek Wolski.
10:43 of 2nd period - Deflect By Henrik Sedin.
10:43 of 2nd period - Shot Misses the Net.
10:43 of 2nd period - Puck is out of play.
10:44 of 2nd period - Henrik Sedin wins face-off versus Erik Christensen in Panthers zone.
10:53 of 2nd period - Wrist shot by Alex Galchenyuk.
10:53 of 2nd period - Shot Misses the Net.
10:55 of 2nd period - Backhand shot by Matthew Spiller.
10:55 of 2nd period - Shot Blocked by Torey Krug.
10:57 of 2nd period - Wrist shot by Erik Christensen.
10:57 of 2nd period - Shot Misses the Net.
10:59 of 2nd period - Snap shot by Alex Galchenyuk.
10:59 of 2nd period - Shot Misses the Net.
11:23 of 2nd period - Minor Penalty to Kyle Clifford for High sticking.
11:24 of 2nd period - Erik Christensen wins face-off versus Henrik Sedin in Panthers zone.
12:58 of 2nd period - Icing by Henrik Sedin.
12:59 of 2nd period - Erik Christensen wins face-off versus Henrik Sedin in Bruins zone.
13:00 of 2nd period - Wrist shot by Alex Galchenyuk.
13:00 of 2nd period - Stopped by Craig Anderson with a rebound.
13:02 of 2nd period - Snap shot by Jonathan Sigalet.
13:02 of 2nd period - Deflect By Erik Christensen.
13:02 of 2nd period - Shot Misses the Net.
13:02 of 2nd period - Puck is out of play.
13:03 of 2nd period - Drew Stafford wins face-off versus Tim Connolly in Bruins zone.
13:09 of 2nd period - Icing by Matt Cooke.
13:10 of 2nd period - Erik Christensen wins face-off versus Tim Connolly in Bruins zone.
13:23 of 2nd period - Penalty to Kyle Clifford is over, Kyle Clifford is back on ice.
13:25 of 2nd period - Wrist shot by Erik Christensen.
13:25 of 2nd period - Shot Misses the Net.
13:27 of 2nd period - Wrist shot by Kyle Clifford.
13:27 of 2nd period - Stopped by Craig Anderson without a rebound.
13:28 of 2nd period - Henrik Sedin wins face-off versus Brayden Schenn in Bruins zone.
13:28 of 2nd period - Henrik Sedin is hit by Tomas Kopecky.
13:35 of 2nd period - Snap shot by Kyle Clifford.
13:35 of 2nd period - Stopped by Craig Anderson with a rebound.
13:37 of 2nd period - Wrist shot by Tomas Kopecky.
13:37 of 2nd period - Stopped by Craig Anderson with a rebound.
13:39 of 2nd period - Slapshot by Mike Komisarek.
13:39 of 2nd period - Shot Misses the Net.
13:41 of 2nd period - Snap shot by Kyle Clifford.
13:41 of 2nd period - Shot Blocked by Wojtek Wolski.
13:43 of 2nd period - Snap shot by Brayden Schenn.
13:43 of 2nd period - Stopped by Craig Anderson without a rebound.
13:44 of 2nd period - Tim Connolly wins face-off versus Erik Christensen in Bruins zone.
13:49 of 2nd period - Slapshot by Shane O'Brien.
13:49 of 2nd period - Shot Blocked by Erik Gudbranson.
14:40 of 2nd period - Wrist shot by Rene Bourque.
14:40 of 2nd period - Deflect By Viktor Stalberg.
14:40 of 2nd period - Stopped by Antti Niemi without a rebound.
14:41 of 2nd period - Brayden Schenn wins face-off versus Dave Bolland in Panthers zone.
14:56 of 2nd period - Slapshot by Tomas Kopecky.
14:56 of 2nd period - Shot Misses the Net.
15:19 of 2nd period - Snap shot by Dave Bolland.
15:19 of 2nd period - Shot Misses the Net.
15:21 of 2nd period - Slapshot by Justin Faulk.
15:21 of 2nd period - Stopped by Antti Niemi with a rebound.
15:29 of 2nd period - Slapshot by Rene Bourque.
15:29 of 2nd period - Stopped by Antti Niemi with a rebound.
15:31 of 2nd period - Snap shot by Rene Bourque.
15:31 of 2nd period - Shot Blocked by Matthew Spiller.
15:33 of 2nd period - Slapshot by Shane O'Brien.
15:33 of 2nd period - Stopped by Antti Niemi without a rebound.
15:34 of 2nd period - Erik Christensen wins face-off versus Henrik Sedin in Panthers zone.
15:34 of 2nd period - Erik Christensen is hit by Henrik Sedin.
15:44 of 2nd period - Henrik Sedin is hit by Jonathan Sigalet and loses puck.
15:49 of 2nd period - Slapshot by Drew Stafford.
15:49 of 2nd period - Stopped by Craig Anderson without a rebound.
15:50 of 2nd period - Brayden Schenn wins face-off versus Tim Connolly in Bruins zone.
16:44 of 2nd period - Patrick Eaves is hit by Henrik Sedin and loses puck.
17:32 of 2nd period - Snap shot by Victor Oreskovich.
17:32 of 2nd period - Stopped by Antti Niemi without a rebound.
17:33 of 2nd period - Erik Christensen wins face-off versus Dave Bolland in Panthers zone.
17:46 of 2nd period - Jonathan Sigalet is hit by Rene Bourque and loses puck.
18:14 of 2nd period - Snap shot by Erik Christensen.
18:14 of 2nd period - Shot Misses the Net.
18:16 of 2nd period - Snap shot by Drew Stafford.
18:16 of 2nd period - Shot Blocked by Shane O'Brien.
18:18 of 2nd period - Slapshot by Radko Gudas.
18:18 of 2nd period - Shot Blocked by Shane O'Brien.
18:20 of 2nd period - Slapshot by Mike Weber.
18:20 of 2nd period - Stopped by Craig Anderson with a rebound.
18:22 of 2nd period - Wrist shot by Drew Stafford.
18:22 of 2nd period - Stopped by Craig Anderson with a rebound.
18:30 of 2nd period - Wrist shot by Drew Stafford.
18:30 of 2nd period - Stopped by Craig Anderson with a rebound.
18:32 of 2nd period - Snap shot by Erik Christensen.
18:32 of 2nd period - Stopped by Craig Anderson without a rebound.
18:33 of 2nd period - Henrik Sedin wins face-off versus Brayden Schenn in Bruins zone.
18:46 of 2nd period - Kyle Clifford is hit by Henrik Sedin.
19:20 of 2nd period - Wrist shot by Eric Wellwood.
19:20 of 2nd period - Stopped by Craig Anderson with a rebound.
19:22 of 2nd period - Wrist shot by Jonathan Matsumoto.
19:22 of 2nd period - Stopped by Craig Anderson without a rebound.
19:23 of 2nd period - Jonathan Matsumoto wins face-off versus Dave Bolland in Bruins zone.
19:34 of 2nd period - Snap shot by Viktor Stalberg.
19:34 of 2nd period - Stopped by Antti Niemi without a rebound.
19:35 of 2nd period - Henrik Sedin wins face-off versus Kyle Clifford in Panthers zone.
19:50 of 2nd period - Snap shot by Kyle Clifford.
19:50 of 2nd period - Stopped by Craig Anderson with a rebound.
Goals for this period are 0 for Panthers vs 1 for Bruins.
Shots for this period are 16 for Panthers vs 17 for Bruins.
3rd period
0:01 of 3rd period - Henrik Sedin wins face-off versus Brayden Schenn in neutral zone.
0:38 of 3rd period - Snap shot by Erik Christensen.
0:38 of 3rd period - Stopped by Craig Anderson with a rebound.
1:01 of 3rd period - Wrist shot by Victor Oreskovich.
1:01 of 3rd period - Stopped by Antti Niemi without a rebound.
1:02 of 3rd period - Brayden Schenn wins face-off versus Henrik Sedin in Panthers zone.
1:27 of 3rd period - Radko Gudas is hit by Viktor Stalberg and loses puck.
1:33 of 3rd period - Minor Penalty to Rene Bourque for Interference.
1:34 of 3rd period - Brayden Schenn wins face-off versus Wojtek Wolski in Bruins zone.
2:08 of 3rd period - Matt Cooke is hit by Mike Komisarek and loses puck.
3:33 of 3rd period - Penalty to Rene Bourque is over, Rene Bourque is back on ice.
4:04 of 3rd period - Patrick Eaves is hit by Rene Bourque and loses puck.
6:14 of 3rd period - Patrick Eaves is hit by Nathan Horton and loses puck.
6:23 of 3rd period - Wrist shot by Patrick Eaves.
6:23 of 3rd period - Stopped by Craig Anderson with a rebound.
6:25 of 3rd period - Slapshot by Erik Gudbranson.
6:25 of 3rd period - Shot Blocked by Torey Krug.
6:27 of 3rd period - Snap shot by Patrick Eaves.
6:27 of 3rd period - Stopped by Craig Anderson without a rebound.
6:28 of 3rd period - Brayden Schenn wins face-off versus Dave Bolland in Bruins zone.
7:29 of 3rd period - Snap shot by Alex Galchenyuk.
7:29 of 3rd period - Stopped by Craig Anderson with a rebound.
7:31 of 3rd period - Snap shot by Drew Stafford.
7:31 of 3rd period - Goal by Drew Stafford - Panthers : 3 - Bruins : 2.
7:32 of 3rd period - Tomas Kopecky wins face-off versus Henrik Sedin in neutral zone.
7:35 of 3rd period - Torey Krug is hit by Brayden Schenn and loses puck.
7:50 of 3rd period - Tomas Kopecky is hit by Nathan Horton and loses puck.
8:09 of 3rd period - Snap shot by Steve Quailer.
8:09 of 3rd period - Stopped by Craig Anderson without a rebound.
8:10 of 3rd period - Erik Christensen wins face-off versus Tim Connolly in Bruins zone.
8:11 of 3rd period - Wrist shot by Drew Stafford.
8:11 of 3rd period - Goal by Drew Stafford - Panthers : 4 - Bruins : 2.
8:12 of 3rd period - Henrik Sedin wins face-off versus Brayden Schenn in neutral zone.
8:19 of 3rd period - Snap shot by Wojtek Wolski.
8:19 of 3rd period - Shot Misses the Net.
8:27 of 3rd period - Slapshot by Erik Gudbranson.
8:27 of 3rd period - Stopped by Craig Anderson with a rebound.
9:06 of 3rd period - Slapshot by Steve Quailer.
9:06 of 3rd period - Stopped by Craig Anderson without a rebound.
9:07 of 3rd period - Henrik Sedin wins face-off versus Brayden Schenn in Bruins zone.
9:39 of 3rd period - Mike Komisarek is hit by Matt Cooke and loses puck.
10:57 of 3rd period - Snap shot by Tim Connolly.
10:57 of 3rd period - Stopped by Antti Niemi without a rebound.
10:58 of 3rd period - Tim Connolly wins face-off versus Erik Christensen in Panthers zone.
11:03 of 3rd period - Wrist shot by Tim Connolly.
11:03 of 3rd period - Shot Blocked by Erik Christensen.
11:35 of 3rd period - Wrist shot by Brayden Schenn.
11:35 of 3rd period - Stopped by Craig Anderson with a rebound.
11:41 of 3rd period - Nathan Horton is hit by Kyle Clifford and loses puck.
12:00 of 3rd period - Wrist shot by Wojtek Wolski.
12:00 of 3rd period - Stopped by Antti Niemi with a rebound.
12:02 of 3rd period - Snap shot by Nathan Horton.
12:02 of 3rd period - Shot Misses the Net.
12:04 of 3rd period - Slapshot by Jason Demers.
12:04 of 3rd period - Stopped by Antti Niemi without a rebound.
12:05 of 3rd period - Erik Christensen wins face-off versus Tim Connolly in Panthers zone.
12:14 of 3rd period - Alex Galchenyuk is hit by Tim Connolly and loses puck.
13:00 of 3rd period - Snap shot by Rene Bourque.
13:00 of 3rd period - Stopped by Antti Niemi without a rebound.
13:01 of 3rd period - Brayden Schenn wins face-off versus Dave Bolland in Panthers zone.
13:12 of 3rd period - Snap shot by Brayden Schenn.
13:12 of 3rd period - Stopped by Craig Anderson with a rebound.
13:34 of 3rd period - Slapshot by Erik Gudbranson.
13:34 of 3rd period - Shot Blocked by Rene Bourque.
13:42 of 3rd period - Slapshot by Justin Faulk.
13:42 of 3rd period - Stopped by Antti Niemi without a rebound.
13:43 of 3rd period - Erik Christensen wins face-off versus Henrik Sedin in Panthers zone.
14:14 of 3rd period - Matthew Spiller is hit by Nikolai Zherdev.
14:57 of 3rd period - Kevin Bieksa is hit by Steve Quailer.
15:15 of 3rd period - Dave Bolland is hit by Eric Wellwood.
15:36 of 3rd period - Erik Gudbranson is hit by Victor Oreskovich and loses puck.
15:53 of 3rd period - Slapshot by Kris Chucko.
15:53 of 3rd period - Shot Misses the Net.
16:27 of 3rd period - Nathan Horton is hit by Jean-Gabriel Pageau and loses puck.
17:26 of 3rd period - Snap shot by Henrik Sedin.
17:26 of 3rd period - Shot Misses the Net.
17:28 of 3rd period - Snap shot by Wojtek Wolski.
17:28 of 3rd period - Stopped by Antti Niemi with a rebound.
17:37 of 3rd period - Minor Penalty to Shane O'Brien for Interference.
17:38 of 3rd period - Wojtek Wolski wins face-off versus Brayden Schenn in Bruins zone.
17:45 of 3rd period - Icing by Jonathan Sigalet.
17:46 of 3rd period - Wojtek Wolski wins face-off versus Tomas Kopecky in Panthers zone.
18:55 of 3rd period - Icing by Matthew Spiller.
18:56 of 3rd period - Wojtek Wolski wins face-off versus Erik Christensen in Panthers zone.
19:37 of 3rd period - Penalty to Shane O'Brien is over, Shane O'Brien is back on ice.
Goals for this period are 2 for Panthers vs 0 for Bruins.
Shots for this period are 11 for Panthers vs 7 for Bruins.
Back to the Top